 Dungeon Crawl Stone Soup version 0.28.0-45-g0d030f2227 (webtiles) character file.

Game seed: 3173594458339177980

49 DearestLeader the Shield-Bearer (level 3, -4/35 HPs)
             Began as a Gnoll Fighter on Apr 22, 2022.
             Engulfed by a cloud of flame (14 damage)
             ... on level 2 of the Dungeon.
             The game lasted 00:02:15 (970 turns).

DearestLeader the Shield-Bearer (Gnoll Fighter)      Turns: 970, Time: 00:02:15

Health: -4/35      AC:  7    Str: 17    XL:     3   Next: 77%
Magic:  4/4        EV:  9    Int: 13    God:
Gold:   41         SH:  5    Dex: 11    Spells: 3/3 levels left

rFire   . . .      SeeInvis .   a - +0 war axe
rCold   . . .      Faith    .   c - +0 buckler
rNeg    . . .      Spirit   .   b - +0 scale mail
rPois   .          Reflect  .   (no helmet)
rElec   .          Harm     .   (no cloak)
rCorr   .          Rampage  .   (no gloves)
Will    .....                   (no boots)
Stlth   ..........              (no amulet)
HPRegen 0.11/turn               l - +6 ring of intelligence
MPRegen 0.09/turn               (no ring)

@: no status effects
A: fangs 1, strong nose, distributed training
a: no special abilities


You were on level 2 of the Dungeon.
You visited 1 branch of the dungeon, and saw 2 of its levels.

You collected 41 gold pieces.

Inventory:

Hand Weapons
 a - a +0 war axe (weapon)
 i - a +1 dagger of draining
Armour
 b - a +0 scale mail (worn)
 c - a +0 buckler (worn)
 f - a scarf of invisibility
Jewellery
 l - a +6 ring of intelligence (left hand)
Scrolls
 e - 2 scrolls of magic mapping
 j - a scroll of fear
 k - a scroll of enchant armour
Potions
 d - a potion of might
 g - 3 potions of curing {unknown}


   Skills:
 + Level 6.5 Fighting
 + Level 0.9 Short Blades
 + Level 0.9 Long Blades
 + Level 4.5 Axes
 + Level 0.9 Maces & Flails
 + Level 0.9 Polearms
 + Level 0.9 Staves
 + Level 0.9 Slings
 + Level 0.9 Bows
 + Level 0.9 Crossbows
 + Level 0.9 Throwing
 + Level 6.5 Armour
 + Level 0.9 Dodging
 + Level 0.9 Stealth
 + Level 6.5 Shields
 + Level 0.9 Unarmed Combat
 + Level 0.9 Spellcasting
 + Level 0.6 Conjurations
 + Level 0.6 Hexes
 + Level 0.6 Summonings
 + Level 0.6 Necromancy
 + Level 0.6 Translocations
 + Level 0.6 Transmutations
 + Level 0.6 Fire Magic
 + Level 0.6 Ice Magic
 + Level 0.6 Air Magic
 + Level 0.6 Earth Magic
 + Level 0.6 Poison Magic
 + Level 1.0 Invocations
 + Level 0.9 Evocations


You had 3 spell levels left.
You didn't know any spells.
Your spell library was empty.

Dungeon Overview and Level Annotations

Branches:
Dungeon (2/15)

Altars:

Shops:
D:1 (


Innate Abilities, Weirdness & Mutations

You have very sharp teeth.
Your uncanny sense of smell can sniff out nearby items.
Your experience applies equally to all skills.


Message History

Found 14 stones.
There is a stone staircase leading down here.
You see here 14 stones.
You open the large door.
There is a large open door here.
There is a large open door here.
You open the door.
There is an open door here.
Found a leather armour.
Found a crude leather armour and a chain mail.
You now have 41 gold pieces (gained 9).
g - 3 bubbling coppery potions (gained 2)
You see here a +0 leather armour.
A goblin comes into view. It is wielding a +0 club.
The goblin shouts!
You block the goblin's attack.
You slash the goblin!
You kill the goblin!
No target in view!
Sorry, I don't know how to get there.
Unknown command.
Press: ? - help, v - describe, . - travel, g - get item Item here: a crude leather armour.
The floor.
As you read the scroll labelled LOTHEA ESHIDO, it crumbles to dust.
It is a scroll of identify.
e - 2 scrolls of magic mapping
As you read the scroll of identify, it crumbles to dust.
j - a scroll of fear
As you read the scroll of identify, it crumbles to dust.
k - a scroll of enchant armour Really walk into a travel-excluded area?
A ball python comes into view.
Found a long sword.
The ball python hisses angrily.
You are engulfed in blazing flames.
Ouch! That really hurt!
* * * LOW HITPOINT WARNING * * *
You are engulfed in blazing flames.
You die...

.......# #.......########
.......# #.......#
.>.....# #.......#
..###### #.......####
..##...#######..........#
.(''...'.............##.#
..##...########...#### #
..##...#### #☼○§#
####......# #§@§#
#......# #§☼§# #......#
#..S# ##......☼ .[... ∆
#......§○§..?[.○
######.☼§☼..)..☼☼
#####...#### #.§.#


You could see a ball python.

Vanquished Creatures
  A gnoll (D:1)
  2 dart slugs (D:1)
  A bat (D:1)
  2 endoplasms
  2 giant cockroaches
  5 goblins
  2 hobgoblins (D:1)
  6 kobolds
  A quokka (D:2)
  7 ball pythons
  3 frilled lizards (D:1)
  A rat (D:1)
33 creatures vanquished.

Notes
Turn   | Place    | Note
-------+----------+-------------------------------------------
     0 | D:1      | DearestLeader the Gnoll Fighter began the quest for the
                  | Orb.
     0 | D:1      | Reached XP level 1. HP: 23/23 MP: 1/1
    32 | D:1      | Reached XP level 2. HP: 29/29 MP: 2/2
   157 | D:1      | Reached XP level 3. HP: 26/35 MP: 3/3
   222 | D:1      | Found Omiuloxtu's Weapon Shoppe.
   385 | D:1      | Reached skill level 1 in Invocations
   625 | D:2      | Found a faded altar of an unknown god.
   970 | D:2      | Engulfed by a cloud of flame

Illustrated notes

Levels and vault maps discovered:
D:1:      evilmike_arrival_plus, layout_rooms, serial_shops,
          nicolae_diamond_shop, amcnicky_mini_corridor_feature,
          minmay_misc_feat_rugged
D:2:      cheibrodos_helix_gallery, layout_basic, basic_ecumenical_altar,
          lemuel_flame_loot_1

Skill      XL: |  1  2  3 |
---------------+----------+-----
Invocations    | 1 |  1.0
Fighting       | |  6.5
Short Blades   | |  0.9
Long Blades    | |  0.9
Axes           | |  4.5
Maces & Flails | |  0.9
Polearms       | |  0.9
Staves         | |  0.9
Slings         | |  0.9
Bows           | |  0.9
Crossbows      | |  0.9
Throwing       | |  0.9
Armour         | |  6.5
Dodging        | |  0.9
Stealth        | |  0.9
Shields        | |  6.5
Unarmed Combat | |  0.9
Spellcasting   | |  0.9
Conjurations   | |  0.6
Hexes          | |  0.6
Summonings     | |  0.6
Necromancy     | |  0.6
Translocations | |  0.6
Transmutations | |  0.6
Fire Magic     | |  0.6
Ice Magic      | |  0.6
Air Magic      | |  0.6
Earth Magic    | |  0.6
Poison Magic   | |  0.6
Evocations     | |  0.9

Action                   || total
-------------------------++-------
Melee: War axe           ||    62
       Bite              ||     3
  Use: Scroll            ||     3
Armor: Scale mail        ||    36
Dodge: Dodged            ||    26
Block: Buckler           ||    20
